 Dungeon Crawl Stone Soup version 0.30-a0-310-g7d6cbdfea6 (webtiles) character file.

Game seed: 15723272405819459967

27 sleeves the Ruffian (level 2, 0/23 HPs)
             Began as a Draconian Transmuter on Oct 24, 2022.
             Constricted to death by a ball python (1 damage)
             ... on level 1 of the Dungeon.
             The game lasted 00:01:07 (660 turns).

sleeves the Ruffian (Draconian Transmuter)           Turns: 660, Time: 00:01:08

Health: 0/23       AC:  4    Str: 12    XL:     2   Next: 93%
Magic:  4/5        EV:  9    Int: 13    God:
Gold:   82         SH:  0    Dex: 11    Spells: 4/5 levels left

rFire   . . .      SeeInvis .      - Unarmed
rCold   . . .      Faith    .    (no shield)
rNeg    . . .      Spirit   .    (body armour unavailable)
rPois   .          Reflect  .    (helmet currently unavailable)
rElec   .          Harm     .    (no cloak)
rCorr   .          Rampage  .    (no gloves)
Will    .....                    (boots currently unavailable)
Stlth   +.........               (no amulet)
HPRegen 0.23/turn                (no ring)
MPRegen 0.09/turn                (no ring)

@: appendages (expiring), slowed, constricted, very slow
A: horns 2, talons 2, AC +4, unfitting armour, cold-blooded
a: End Transformation


You were on level 1 of the Dungeon.
You had temporarily grown beastly horns and talons.
You visited 1 branch of the dungeon, and saw 1 of its levels.

You collected 82 gold pieces.

Inventory:

Jewellery
 c - an amulet of regeneration
   (You found it on level 1 of the Dungeon)
Scrolls
 b - 2 scrolls of identify {unknown}
Potions
 a - a potion of lignification


   Skills:
 - Level 1.1 Fighting
 - Level 1.7 Dodging
 + Level 4.2 Unarmed Combat
 - Level 2.0 Spellcasting
 - Level 2.0 Transmutations


You had 4 spell levels left.
You knew the following spells:

 Your Spells              Type           Power      Damage    Failure   Level
a - Beastly Appendage     Tmut           12%        N/A       11%         1

Your spell library contained the following spells:

 Spells                   Type           Power      Damage    Failure   Level
 Wereblood                Tmut           6%         N/A       17%         2
 Slow                     Hex            4%         N/A       26%         1
 Cigotuvi's Dreadful Rot  Necr/Pois/Air  2%         N/A       36%         2
 Poisonous Vapours        Pois/Air       2%         N/A       36%         2
 Sublimation of Blood     Necr           1%         N/A       36%         2
 Spider Form              Tmut/Pois      3%         N/A       45%         3
 Confusing Touch          Hex            1%         N/A       58%         3
 Mephitic Cloud           Conj/Pois/Air  1%         N/A       58%         3
 Vampiric Draining        Necr           1%         2d6       58%         3
 Ice Form                 Ice/Tmut       3%         N/A       86%         4
 Petrify                  Tmut/Erth      3%         N/A       86%         4
 Irradiate                Conj/Tmut      1%         3d12      99%         5


Dungeon Overview and Level Annotations

Branches:
Dungeon (1/15)

Altars:


Innate Abilities, Weirdness & Mutations

You have temporarily grown beastly horns and talons.
Your plain brown scales are hard. (AC +4)
You cannot fit into any form of body armour.
You are cold-blooded and may be slowed by cold attacks.


Message History

Welcome, sleeves the Draconian Transmuter.
Everyone else who sought the Orb of Zot has failed.
Will you be different?
Press ? for a list of commands and other information.
Found a scroll labelled OMYIRGHUOLE.
Found a staircase leading out of the dungeon.
b - a scroll labelled OMYIRGHUOLE You now have 3 gold pieces.
b - 2 scrolls labelled OMYIRGHUOLE (gained 1)
You now have 15 gold pieces (gained 12).
You now have 23 gold pieces (gained 8).
You now have 40 gold pieces (gained 17).
Found 7 stones.
A giant cockroach comes into view.
Okay, then.
Found a stone staircase leading down.
A goblin comes into view. It is wielding a +0 dagger.
Found a dagger.
The helpless giant cockroach fails to defend itself.
You hit the giant cockroach.
The giant cockroach is moderately wounded.
The giant cockroach barely misses you.
You barely miss the giant cockroach.
The giant cockroach is moderately wounded.
The giant cockroach bites you.
You hit the giant cockroach.
You kill the giant cockroach!
The goblin barely misses you.
You barely miss the goblin. You tail-slap the goblin.
You kill the goblin!
No target in view!
HP restored.
You see here a giant cockroach corpse.
You see here a +0 dagger.
A giant cockroach comes into view.
You see here a +0 dagger.
A giant cockroach is nearby!
A giant cockroach is nearby!
The giant cockroach bites you.
You barely miss the giant cockroach. The giant cockroach misses you.
You barely miss the giant cockroach. The giant cockroach barely misses you.
You hit the giant cockroach.
The giant cockroach is moderately wounded.
The giant cockroach bites you but does no damage.
You hit the giant cockroach but do no damage.
The giant cockroach is moderately wounded.
The giant cockroach misses you.
You barely miss the giant cockroach.
The giant cockroach is moderately wounded.
The giant cockroach bites you but does no damage.
You hit the giant cockroach.
The giant cockroach is heavily wounded.
The giant cockroach closely misses you.
You hit the giant cockroach but do no damage.
The giant cockroach is heavily wounded.
The giant cockroach bites you but does no damage.
A giant cockroach is nearby!
A giant cockroach is nearby!
A giant cockroach is nearby!
You hit the giant cockroach.
You kill the giant cockroach!
No target in view!
No target in view!
No target in view!
No target in view!
No target in view!
You now have 49 gold pieces (gained 9).
A quokka comes into view.
A quokka is nearby!
A quokka is nearby!
A frilled lizard comes into view.
The frilled lizard hisses angrily.
The quokka barely misses you.
You hit the quokka but do no damage. The quokka closely misses you.
You hit the quokka but do no damage.
Your tail-slap misses the quokka.
The quokka closely misses you.
You barely miss the quokka.
Your tail-slap misses the quokka.
The quokka barely misses you.
You barely miss the quokka. The frilled lizard closely misses you.
The quokka closely misses you.
You hit the quokka.
The quokka is severely wounded.
The quokka closely misses you.
The frilled lizard bites you but does no damage.
You miss the quokka.
The quokka is severely wounded.
The quokka closely misses you.
The frilled lizard bites you but does no damage.
You hit the quokka but do no damage.
The quokka is severely wounded.
The quokka bites you but does no damage.
The frilled lizard bites you but does no damage.
The quokka barely misses you.
You barely miss the quokka. You punch the quokka, but do no damage.
The quokka is severely wounded.
The frilled lizard bites you but does no damage.
The quokka misses you.
You hit the quokka but do no damage.
Your tail-slap misses the quokka.
The quokka is severely wounded.
The frilled lizard closely misses you. The quokka bites you.
You hit the quokka.
You kill the quokka!
The frilled lizard bites you.
You closely miss the frilled lizard.
Your tail-slap misses the frilled lizard.
The frilled lizard bites you.
You closely miss the frilled lizard. The frilled lizard misses you.
You closely miss the frilled lizard.
The frilled lizard bites you but does no damage.
You hit the frilled lizard.
You kill the frilled lizard!
No target in view!
An endoplasm and a kobold come into view.
The kobold is wielding a +2 vampiric short sword.
The kobold shouts!
You see here a book of Vapours.
You pick up a book of Vapours and begin reading...
You add the spells Poisonous Vapours, Cigotuvi's Dreadful Rot and Mephitic Cloud to your library.
The endoplasm quivers.
You miscast Beastly Appendage.
You are very lightly contaminated with residual magic.
Nothing appears to happen.
The endoplasm closely misses you.
You hit the endoplasm.
The endoplasm is almost dead.
The endoplasm hits you.
You hit the endoplasm.
You kill the endoplasm!
You hit the kobold but do no damage. The kobold barely misses you.
You completely miss the kobold.
The kobold hits you with a +2 vampiric short sword.
You hit the kobold.
You kill the kobold!
You have reached level 2!
Your magical contamination has completely faded away.
Magic restored.
You see here a +2 vampiric short sword.
A quokka comes into view.
A quokka is nearby!
A quokka is nearby!
You miscast Beastly Appendage.
You are very lightly contaminated with residual magic.
Nothing appears to happen.
The quokka closely misses you.
You hit the quokka.
You kill the quokka!
No target in view!
No target in view!
No target in view!
Your magical contamination has completely faded away.
Found a stone staircase leading down.
c - an amulet of regeneration A frilled lizard and a hobgoblin come into view.
The frilled lizard hisses angrily.
You hit the frilled lizard.
You kill the frilled lizard!
You see here a frilled lizard corpse.
You completely miss the hobgoblin.
The hobgoblin hits you but does no damage.
You closely miss the hobgoblin. The hobgoblin closely misses you.
You barely miss the hobgoblin.
Your tail-slap misses the hobgoblin.
The hobgoblin misses you.
You closely miss the hobgoblin. The hobgoblin closely misses you.
You hit the hobgoblin but do no damage. You tail-slap the hobgoblin.
The hobgoblin is heavily wounded.
The hobgoblin misses you.
You hit the hobgoblin.
You kill the hobgoblin!
No target in view!
No target in view!
A ball python comes into view.
A ball python is nearby!
A ball python is nearby!
A ball python is nearby!
You grow a pair of large bovine horns.
Your feet morph into talons.
A goblin comes into view. It is wielding a +0 dagger.
The ball python hisses angrily.
The goblin shouts!
The ball python misses you. The ball python closely misses you. x2
The ball python misses you.
You hear an angry hiss.
You hit the ball python. Your headbutt misses the ball python.
You tail-slap the ball python.
You kill the ball python!
You hit the goblin.
You kill the goblin!
No target in view!
No target in view!
No target in view!
No target in view!
No target in view!
Your transformation is almost over.
Things that are here:
a +0 dagger; a goblin corpse A ball python comes into view.
A ball python is nearby!
A ball python is nearby!
You miscast Beastly Appendage.
You are very lightly contaminated with residual magic.
Nothing appears to happen.
The ball python hisses angrily.
Your horns disappear.
Your talons disappear.
You barely miss the ball python.
A bat comes into view.
The ball python bites you. The ball python closely misses you.
You closely miss the ball python. The bat closely misses you.
The ball python barely misses you. The ball python grabs you.
The ball python constricts you.
You closely miss the ball python.
The ball python bites you but does no damage.
The ball python constricts you.
You hit the ball python.
Your tail-slap misses the ball python.
The ball python is moderately wounded.
The bat hits you but does no damage. x2; The ball python barely misses you.
The ball python constricts you.
You hit the ball python.
You kill the ball python!
The bat hits you.
You miss the bat. The bat closely misses you. x2
The bat hits you but does no damage.
Your magical contamination has completely faded away.
You hit the bat.
You kill the bat!
No target in view!
Found 2 silver javelins.
You now have 63 gold pieces (gained 14).
A hobgoblin comes into view.
The hobgoblin shouts!
A quokka comes into view.
The hobgoblin moves out of view.
A quokka is nearby!
A quokka is nearby!
A quokka is nearby!
You grow a pair of large bovine horns.
Your feet morph into talons.
You hit the quokka. Your kick misses the quokka.
Your headbutt misses the quokka. You tail-slap the quokka.
The quokka is severely wounded.
The quokka bites you but does no damage.
You closely miss the quokka.
The quokka is severely wounded.
The hobgoblin hits you but does no damage.
The quokka misses you.
You closely miss the quokka. You claw the quokka, but do no damage.
The quokka is severely wounded.
The hobgoblin hits you but does no damage.
The quokka closely misses you.
You hit the quokka.
You kill the quokka!
The hobgoblin barely misses you.
You barely miss the hobgoblin. Your headbutt misses the hobgoblin.
You punch the hobgoblin.
The hobgoblin is moderately wounded.
Your transformation is almost over.
The hobgoblin closely misses you.
You hit the hobgoblin.
The hobgoblin is almost dead.
The hobgoblin barely misses you.
You hit the hobgoblin.
You kill the hobgoblin!
No target in view!
No target in view!
No target in view!
No target in view!
No target in view!
No target in view!
No target in view!
No target in view!
No target in view!
Your horns disappear.
Your talons disappear.
You now have 68 gold pieces (gained 5).
A giant cockroach comes into view.
The giant cockroach moves out of view.
A giant cockroach is nearby!
A giant cockroach is nearby!
You grow a pair of large bovine horns.
Your feet morph into talons.
The giant cockroach bites you but does no damage.
You hit the giant cockroach but do no damage.
You claw the giant cockroach. You tail-slap the giant cockroach.
You kill the giant cockroach!
Your Unarmed Combat skill increases to level 4!
No target in view!
No target in view!
No target in view!
No target in view!
No target in view!
No target in view!
No target in view!
No target in view!
Your transformation is almost over.
A quokka comes into view.
Found 5 gold pieces.
A quokka is nearby!
A quokka is nearby!
You extend your transformation's duration.
A kobold comes into view. It is wielding a +2 dagger of flaming.
You barely miss the quokka. Your punch misses the quokka.
The quokka closely misses you. The quokka bites you.
You barely miss the quokka. Your kick misses the quokka. The quokka misses you.
You hit the quokka. You claw the quokka.
You kill the quokka!
The kobold shouts!
Your transformation is almost over.
You hit the kobold.
The kobold is moderately wounded.
The kobold hits you with a +2 dagger of flaming.
The kobold burns you.
You barely miss the kobold.
The kobold is moderately wounded.
The kobold barely misses you.
You barely miss the kobold. You claw the kobold.
You kill the kobold!
No target in view!
No target in view!
No target in view!
Your horns disappear.
Your talons disappear.
You now have 73 gold pieces (gained 5).
You see here a +2 dagger of flaming.
An endoplasm comes into view.
An endoplasm is nearby!
An endoplasm is nearby!
An endoplasm is nearby!
The endoplasm quivers.
You grow a pair of large bovine horns.
Your feet morph into talons.
You hit the endoplasm but do no damage. You headbutt the endoplasm.
The endoplasm is lightly wounded.
The endoplasm closely misses you.
You barely miss the endoplasm. Your kick misses the endoplasm.
You headbutt the endoplasm.
You kill the endoplasm!
No target in view!
No target in view!
No target in view!
No target in view!
Your transformation is almost over.
You pick up a book of Alchemy and begin reading...
You add the spells Sublimation of Blood, Petrify and Irradiate to your library.
You pick up a book of Debilitation and begin reading...
You add the spells Slow, Vampiric Draining and Confusing Touch to your library.
Okay, then.
Your horns disappear.
Your talons disappear.
You now have 82 gold pieces (gained 9).
A kobold comes into view. It is wielding a +0 dagger.
A kobold is nearby!
A kobold is nearby!
The kobold shouts!
You grow a pair of large bovine horns.
Your feet morph into talons.
The kobold hits you but does no damage.
You closely miss the kobold.
Your tail-slap misses the kobold.
The kobold hits you but does no damage.
You barely miss the kobold. The kobold hits you with a +0 dagger.
You closely miss the kobold. Your kick misses the kobold.
You tail-slap the kobold, but do no damage.
The kobold hits you with a +0 dagger.
You hit the kobold.
You kill the kobold!
Your transformation is almost over.
No target in view!
No target in view!
No target in view!
No target in view!
No target in view!
No target in view!
No target in view!
No target in view!
No target in view!
Your horns disappear.
Your talons disappear.
Things that are here:
a +0 dagger; a kobold corpse
Things that are here:
a +0 dagger; a kobold corpse
Found a ring mail.
You see here a +0 ring mail.
You see here 2 silver javelins.
You see here a +0 dagger.
You see here a +0 dagger.
A rat comes into view.
A rat is nearby!
You grow a pair of large bovine horns.
Your feet morph into talons.
You closely miss the rat. The rat closely misses you.
You hit the rat.
You kill the rat!
No target in view!
No target in view!
No target in view!
No target in view!
Your transformation is almost over.
You see here a rat corpse.
Your horns disappear.
Your talons disappear.
A quokka comes into view.
A quokka is nearby!
A quokka is nearby!
You grow a pair of large bovine horns.
Your feet morph into talons.
The quokka misses you.
You hit the quokka. Your kick misses the quokka.
The quokka is severely wounded.
The quokka bites you.
You closely miss the quokka. Your kick misses the quokka.
Your headbutt misses the quokka.
The quokka is severely wounded.
The quokka misses you.
You hit the quokka but do no damage.
The quokka is severely wounded.
The quokka barely misses you.
The quokka bites you but does no damage.
You punch the quokka!
You kill the quokka!
No target in view!
Your transformation is almost over.
Found a leather armour.
Your horns disappear.
Your talons disappear.
A ball python comes into view.
A ball python is nearby!
You miscast Beastly Appendage.
You are very lightly contaminated with residual magic.
Nothing appears to happen.
An endoplasm and a ball python come into view.
The endoplasm quivers.
The ball python hisses angrily.
The ball python bites you but does no damage.
The ball python closely misses you.
You hit the ball python but do no damage.
The ball python bites you. The ball python completely misses you.
You barely miss the ball python. The ball python barely misses you.
The ball python closely misses you.
You closely miss the ball python. The ball python bites you.
The ball python grabs you. The ball python constricts you.
You barely miss the ball python.
The ball python bites you but does no damage.
The ball python constricts you. The ball python bites you.
You grow a pair of large bovine horns.
Your feet morph into talons.
Your transformation is almost over.
The ball python bites you but does no damage.
The ball python constricts you. The ball python barely misses you.
The endoplasm barely misses you.
Your magical contamination has completely faded away.
You closely miss the ball python.
Your tail-slap misses the ball python.
The ball python bites you but does no damage.
The ball python constricts you.
The ball python bites you but does no damage.
The endoplasm freezes you.
You are frozen.
You closely miss the ball python. Your kick misses the ball python.
Your tail-slap misses the ball python.
The ball python barely misses you. The ball python constricts you.
The ball python bites you. The endoplasm freezes you.
You are frozen.
* * * LOW HITPOINT WARNING * * *
You feel yourself slow down.
You escape the ball python's grasp.
The ball python attacks as you move away!
The ball python barely misses you. The ball python closely misses you.
The ball python bites you but does no damage.
The ball python grabs you. The ball python constricts you.
* * * LOW HITPOINT WARNING * * *
The endoplasm freezes you.
You are frozen.
* * * LOW HITPOINT WARNING * * *
The ball python bites you but does no damage.
The ball python constricts you.
You die...

## #. ### #. ..# #. #.#
######. #.# #......
#######.# ########......
......JS# #.............
######S@###...####......
............#.####......
#######...[.............
######.#########.. #.#
### #.# # #.# #.#
#######.# ##


You could see an endoplasm and 2 ball pythons.

Vanquished Creatures
  2 ball pythons (D:1)
  2 endoplasms (D:1)
  3 giant cockroaches (D:1)
  2 goblins (D:1)
  2 hobgoblins (D:1)
  5 quokkas (D:1)
  A bat (D:1)
  2 frilled lizards (D:1)
  3 kobolds (D:1)
  A rat (D:1)
23 creatures vanquished.

Notes
Turn   | Place    | Note
-------+----------+-------------------------------------------
     0 | D:1      | sleeves the Draconian Transmuter began the quest for the
                  | Orb.
     0 | D:1      | Reached XP level 1. HP: 16/16 MP: 3/3
   140 | D:1      | Reached XP level 2. HP: 20/23 MP: 3/5
   320 | D:1      | Reached skill level 4 in Unarmed Combat
   659 | D:1      | HP: 7/23 [frozen (5)]
   660 | D:1      | HP: 1/23 [frozen (5)]
   660 | D:1      | Constricted to death by a ball python

Illustrated notes

Levels and vault maps discovered:
D:1:      dpeg_arrival_three_same_balls, layout_loops_ring,
          hellmonk_ecumenical_altar_prayer_group

Skill      XL: |  1  2 |
---------------+-------+-----
Unarmed Combat | 4 |  4.2
Fighting       | |  1.1
Dodging        | |  1.7
Spellcasting   | |  2.0
Transmutations | |  2.0

Action                   || total
-------------------------++-------
Melee: Unarmed           ||    80
       Tailslap          ||     6
       Punch             ||     2
       Kick              ||     4
       Headbutt          ||     2
 Cast: Beastly Appendage ||     9
 Stab: Sleeping          ||     1
Armor: Skin              ||    28
Dodge: Dodged            ||    57

Table legend: (Time is in decaauts)
 A = Elapsed time spent in this place.
 B = Non-inter-level travel time spent in this place.
 C = Inter-level travel time spent in this place.
 D = Time resting spent in this place.
 E = Time spent auto-exploring this place.
 F = Levels seen in this place.
 G = Mean time per level.
                   A        B        C        D        E       F      G
               +--------+--------+--------+--------+--------+-----+--------+
         Total |    654 |    654 |      0 |      0 |    503 |   1 |  654.0 |
       Dungeon |    654 |    654 |      0 |      0 |    503 |   1 |  654.0 |
               +--------+--------+--------+--------+--------+-----+--------+

Top non-repeatable levels by time:
     D:1: 654 daAuts
